 Dungeon Crawl Stone Soup version 0.28-a0-816-gb054d885db (webtiles) character file.

Game seed: 4327578593058625821

7039 Crownlay the Cleaver (level 11, -2/94 HPs)
             Began as a Hill Orc Fighter on Nov 8, 2021.
             Was a Priest of Okawaru.
             Slain by Psyche (13 damage)
             ... on level 9 of the Dungeon.
             The game lasted 00:22:33 (11921 turns).

Crownlay the Cleaver (Hill Orc Fighter)            Turns: 11921, Time: 00:22:33

Health: -2/94      AC:  0    Str: 23      XL:     11   Next: 9%
Magic:  18/18      EV: 17    Int:  4 (8)  God:    Okawaru [***...]
Gold:   537        SH:  5    Dex: 17      Spells: 10/10 levels left

rFire   . . .      SeeInvis .   (weapon currently unavailable)
rCold   . . .      Faith    .   (shield currently unavailable)
rNeg    . . .      Spirit   .   (armour currently unavailable)
rPois   .          Reflect  +   (helmet currently unavailable)
rElec   .          Harm     .   (cloak currently unavailable)
rCorr   .          Rampage  .   (gloves currently unavailable)
Will    .....                   (boots currently unavailable)
Stlth   ++........              y - amulet of reflection
HPRegen 0.00/turn               (ring currently unavailable)
MPRegen 0.16/turn               (ring currently unavailable)

@: lethally poisoned (-2 -> -6), bat-form, flying, inhibited regen, very quick
A: fast, flying, no casting, tiny, agile 1, (fire resistance 1), inhibited
regeneration
a: Renounce Religion, Heroism


You were on level 9 of the Dungeon.
You worshipped Okawaru.
Okawaru was most pleased with you.
You were a bat.
You visited 2 branches of the dungeon, and saw 10 of its levels.
You visited the Abyss 2 times.
You also visited: Sewer.

You collected 537 gold pieces.

Inventory:

Hand Weapons
 a - a +0 war axe (melded)
 A - a +0 scimitar of flaming
Missiles
 j - a boomerang (quivered)
 q - a throwing net
 G - a curare-tipped dart
Armour
 c - a +0 buckler (melded)
 d - a +2 pair of boots (melded)
 h - a +0 pair of gloves (melded)
 i - +0 gold dragon scales (melded)
 k - a +0 helmet (melded)
 z - a +0 cloak (melded)
Jewellery
 y - an amulet of reflection (around neck)
Wands
 n - a wand of flame (13)
 F - a wand of iceblast (5)
 L - a wand of digging (6)
Scrolls
 b - 2 scrolls of holy word
 e - a scroll of vulnerability
 g - 5 scrolls of noise
 m - 3 scrolls of teleportation
 o - a scroll of fear
 s - a scroll of brand weapon {unknown}
 v - a scroll of amnesia {unknown}
 E - a scroll of fog {unknown}
 I - a scroll of immolation {unknown}
 K - a scroll of magic mapping {unknown}
Potions
 f - 4 potions of attraction {unknown}
 l - 2 potions of mutation {unknown}
 p - 3 potions of magic {unknown}
 r - 4 potions of haste
 t - a potion of heal wounds
 u - 2 potions of berserk rage {unknown}
 w - 3 potions of lignification {unknown}
 x - a potion of flight {unknown}
 B - 3 potions of curing
 C - a potion of brilliance {unknown}
 D - 2 potions of cancellation {unknown}
 H - a potion of invisibility {unknown}
 J - a potion of degeneration {unknown}


   Skills:
 + Level 8.0 Fighting
 - Level 14.0 Axes
 - Level 10.0 Armour
 - Level 4.0 Shields
 * Level 9.5 Invocations


You had 10 spell levels left.
You didn't know any spells.
Your spell library contained the following spells:

 Spells                   Type           Power      Damage    Failure   Level
 Corpse Rot               Necr/Air       0%         N/A       65%         2
 Dispel Undead            Necr           0%         3d6       99%         4
 Fulminant Prism          Conj/Hex       0%         3d6       99%         4
 Iskenderun's Mystic Bla  Conj/Tloc      0%         2d3       99%         4
 Lee's Rapid Deconstruct  Erth           0%         3d5*      100%        5
 Death Channel            Necr           Unusable   N/A       N/A         6

Dungeon Overview and Level Annotations

Branches:
Dungeon (9/15)             Temple (1/1) D:6            Lair (0/6) D:8
  Sewer (visited)
    Orc: D:9-12

Altars:
Cheibriados
Elyvilon
Fedhas
Gozag
Kikubaaqudgha
Makhleb
Nemelex Xobeh
Okawaru
Qazlal
Sif Muna
Trog
Uskayaw
Vehumet
Wu Jian
Xom
Yredelemnul
Zin
The Shining One
Jiyva

Shops:
D:4 **

Annotations:
D:9 Psyche


Innate Abilities, Weirdness & Mutations

You are a bat.
You are tiny and dextrous.
You move quickly.
You are flying.
Your equipment is almost entirely melded.
You are incapable of wielding weapons or throwing items.
You cannot cast spells.
You are agile. (Dex +2)
((Your flesh is heat resistant. (rF+)))
You do not regenerate when monsters are visible.


Message History

The arc of chaos hits you.
The arc of chaos grounds out.
You hit something but do no damage. Something hits you!
* * * LOW HITPOINT WARNING * * *
Space warps horribly around you!
* * * LOW HITPOINT WARNING * * *
You feel much better. Something closely misses you. Something hits you.
Space warps horribly around you!
You feel better. Something barely misses you.
You hit something. You hit something but do no damage. Something hits you.
Space warps horribly around you!
* * * LOW HITPOINT WARNING * * *
You hit something. You miss something.
You hear some strange, mumbled words.
You feel much better.
You hear some strange, mumbled words.
You hit something. Something closely misses you.
You hit something.
You feel like a meek peon again.
You hear some strange, mumbled words.
You hit something.
You hear some strange, mumbled words.
A swirling arc of seething chaos appears!
An arc of chaos appears from out of thin air!
The arc of chaos hits you.
You are poisoned.
You hit something.
You feel sick.
You hear some strange, mumbled words.
A swirling arc of seething chaos appears!
An arc of chaos appears from out of thin air!
The arc of chaos hits you.
You hit something but do no damage.
You feel sick.
You hear some strange, mumbled words.
You barely miss something. Something hits you. Space warps horribly around you!
* * * LOW HITPOINT WARNING * * *
Something hits you.
* * * LOW HITPOINT WARNING * * *
Space warps horribly around you!
You die...

...[#
###.#######
.#### #.##
.# #..###
#### ##...#
...# ###.##
...# #..#
)..# ##.###
)..#
#...###
..<#
###b{.#
...# ###.#
#### #.#
#.# #.# #.#
########'##
.
#.........#
..
#.........#


There were no monsters in sight!

Vanquished Creatures
  Erolcha (D:9)
  A thrashing horror (Abyss:1)
  Pikel (D:7)
  A smoke demon (Abyss:1)
  Maggie (D:7)
  An orange demon (Abyss:1)
  A harpy zombie (Abyss:1)
  A large abomination (Abyss:1)
  Sigmund (D:2)
  A wraith (D:7)
  A golden eye (Abyss:1)
  A neqoxec (Abyss:1)
  3 wargs (D:8)
  A water moccasin (D:8)
  Duvessa (D:6)
  Pargi (Sewer)
  A sky beast (D:8)
  2 ice beasts (D:6)
  An orc warrior (D:9)
  A necrophage (D:4)
  An ogre (D:4)
  A centaur (D:8)
  A phantom (D:6)
  4 kobold brigands
  2 scorpions
  A wyvern zombie (D:5)
  2 small abominations (Abyss:1)
  Dowan (D:6)
  A water moccasin skeleton (D:7)
  2 howler monkeys (D:8)
  5 wights
  An electric eel (D:8)
  A centaur zombie (D:7)
  5 jellies
  2 bullfrog zombies
  Crazy Yiuf (D:2)
  2 bullfrog skeletons
  3 orc priests
  A gnoll shaman (D:8)
  An iron imp (Abyss:1)
  2 hounds
  Natasha (thrice) (D:3)
  4 iguanas
  7 orc wizards
  A killer bee zombie (D:7)
  Robin (D:2)
  5 gnolls (D:8)
  A howler monkey skeleton (D:6)
  8 adders
  3 white imps
  5 ufetubi
  A worm (D:4)
  3 dart slugs
  22 orcs
  5 ball pythons
  A bat skeleton (D:2)
  7 endoplasms
  3 giant cockroaches
  17 goblins
  13 hobgoblins
  8 jackals
  6 quokkas
  8 bats
  2 frilled lizards
  24 kobolds
  A quokka skeleton (D:4)
  10 rats
232 creatures vanquished.

Vanquished Creatures (others)
  A golden eye (Abyss:1)
  A kobold (D:7)
2 creatures vanquished.

Grand Total: 234 creatures vanquished

Notes
Turn   | Place    | Note
-------+----------+-------------------------------------------
     0 | D:1      | Crownlay the Hill Orc Fighter began the quest for the Orb.
     0 | D:1      | Reached XP level 1. HP: 19/19 MP: 1/1
    19 | D:1      | Reached skill level 3 in Axes
   130 | D:1      | Reached XP level 2. HP: 26/26 MP: 2/2
   336 | D:1      | Reached skill level 4 in Axes
   491 | D:1      | Reached XP level 3. HP: 28/31 MP: 3/3
   764 | D:2      | Noticed Robin
   793 | D:2      | Killed Robin
   794 | D:2      | Reached skill level 5 in Axes
   794 | D:2      | Reached XP level 4. HP: 26/39 MP: 4/4
  1011 | D:2      | Noticed Sigmund
  1021 | D:2      | Killed Sigmund
  1022 | D:2      | Reached skill level 7 in Axes
  1022 | D:2      | Reached XP level 5. HP: 28/45 MP: 5/5
  1022 | D:2      | Reached XP level 6. HP: 32/51 MP: 6/6
  1369 | D:2      | Found a runed translucent door.
  1370 | D:2      | Noticed Crazy Yiuf
  1503 | D:2      | Found a faded altar of an unknown god.
  1822 | D:3      | Reached skill level 8 in Axes
  2072 | D:3      | Found a glowing drain.
  2118 | Sewer    | Entered a sewer
  2385 | Sewer    | Noticed Pargi
  2399 | Sewer    | Killed Pargi
  2400 | Sewer    | Reached skill level 9 in Axes
  2400 | Sewer    | Reached XP level 7. HP: 47/57 MP: 7/7
  2512 | D:3      | Noticed Natasha
  2514 | D:3      | Killed Natasha
  2560 | D:3      | Found a radiant altar of Vehumet.
  2619 | D:3      | Noticed Natasha
  2628 | D:3      | Killed Natasha
  2725 | D:3      | Noticed Natasha
  2734 | D:3      | Killed Natasha
  2735 | D:3      | Reached skill level 10 in Axes
  3484 | D:4      | Noticed a +0 spear
  3484 | D:4      | Noticed a +0 spear
  3484 | D:4      | Noticed a +0 dagger
  3485 | D:4      | Noticed a +0 falchion
  3485 | D:4      | Noticed a +0 falchion
  3486 | D:4      | Noticed a +0 short sword
  3487 | D:4      | Noticed a +0 dagger
  3487 | D:4      | Noticed a +0 short sword
  3505 | D:4      | Found a hide-covered altar of Uskayaw.
  3567 | D:4      | Found Sivashrif's General Store.
  3570 | D:4      | Found Ytaashreb's Specific Store.
  3783 | D:4      | Reached skill level 11 in Axes
  3942 | D:5      | Entered Level 5 of the Dungeon
  3966 | D:5      | Reached XP level 8. HP: 61/64 MP: 8/8
  4296 | D:5      | Reached skill level 12 in Axes
  5083 | D:6      | Noticed Dowan
  5084 | D:6      | Noticed Duvessa
  5086 | D:6      | Found a staircase to the Ecumenical Temple.
  5099 | D:6      | Killed Duvessa
  5101 | D:6      | Killed Dowan
  5216 | Temple   | Entered the Ecumenical Temple
  5271 | Temple   | Became a worshipper of Warmaster Okawaru
  5323 | D:6      | Reached skill level 13 in Axes
  5487 | D:6      | Reached skill level 5 in Fighting
  5569 | D:6      | Reached XP level 9. HP: 74/74 MP: 9/9
  5987 | D:7      | Reached skill level 5 in Armour
  6056 | D:7      | Reached * piety under Okawaru
  6156 | D:7      | Noticed Maggie
  6173 | D:7      | Reached skill level 14 in Axes
  6192 | D:7      | Killed Maggie
  6489 | D:7      | Found a glowing golden altar of the Shining One.
  6489 | D:7      | Found a stormy altar of Qazlal.
  6496 | D:7      | Found a bloodstained altar of Trog.
  6498 | D:7      | Found a faded altar of an unknown god.
  6500 | D:7      | Found a faded altar of an unknown god.
  6745 | D:7      | Noticed Pikel
  6768 | D:7      | Killed Pikel
  6768 | D:7      | Reached ** piety under Okawaru
  7278 | D:8      | Found a shimmering altar of Xom.
  7307 | D:8      | Reached XP level 10. HP: 71/81 MP: 10/10
  7414 | D:8      | Found a staircase to the Lair.
  7425 | D:8      | Reached skill level 10 in Armour
  7429 | D:8      | Reached skill level 1 in Invocations
  8462 | D:8      | Noticed a death knight
  9638 | D:2      | Killed Crazy Yiuf
 10077 | D:9      | Noticed Erolcha
 10100 | D:9      | Cast into level 1 of the Abyss (Erolcha)
 10559 | Abyss:1  | Found a corrupted altar of Lugonu.
 10586 | Abyss:1  | Noticed a smoke demon
 10665 | Abyss:1  | Reached skill level 5 in Invocations
 10676 | D:9      | Escaped the Abyss
 11218 | D:9      | Killed Erolcha
 11218 | D:9      | Reached *** piety under Okawaru
 11258 | D:9      | Found a viscous altar of Jiyva.
 11333 | D:9      | Noticed Psyche
 11368 | D:9      | Cast into level 1 of the Abyss (Psyche)
 11368 | Abyss:1  | Noticed a thrashing horror
 11393 | Abyss:1  | Noticed an eidolon
 11414 | Abyss:1  | Noticed an orange demon
 11426 | Abyss:1  | Killed an orange demon
 11439 | Abyss:1  | Noticed a smoke demon
 11448 | Abyss:1  | Killed a smoke demon
 11551 | Abyss:1  | Noticed a thrashing horror
 11576 | Abyss:1  | Killed a thrashing horror
 11577 | Abyss:1  | Reached XP level 11. HP: 35/94 MP: 17/17
 11594 | Abyss:1  | Noticed a shining eye
 11594 | Abyss:1  | Noticed a shining eye
 11594 | Abyss:1  | Noticed a great orb of eyes
 11595 | Abyss:1  | Noticed an ophan
 11645 | Abyss:1  | Noticed a great orb of eyes
 11647 | Abyss:1  | Noticed a great orb of eyes
 11651 | Abyss:1  | Noticed a great orb of eyes
 11817 | Abyss:1  | Gained mutation: You do not regenerate when monsters are
                  | visible. [a neqoxec]
 11824 | Abyss:1  | Gained mutation: Your flesh is heat resistant. (rF+) [a
                  | neqoxec]
 11834 | Abyss:1  | Gained mutation: You are agile. (Dex +2) [a neqoxec]
 11875 | D:9      | Escaped the Abyss
 11921 | D:9      | Slain by Psyche

Illustrated notes

Levels and vault maps discovered:
D:1:      minmay_arrival_four_houses, layout_basic, minmay_tripent
D:2:      minmay_angry_zag, layout_basic, ebering_ecumenical_altar_ruins,
          minmay_misc_feat_ornament, uniq_sigmund, uniq_crazy_yiuf_cottage,
          uniq_robin
D:3:      layout_basic, vehumet_altar_wand_db, gup_sewer_entry_glass,
          uniq_natasha
D:4:      layout_cave_pools, nicolae_uskayaw_en_pointe, nicolae_specific_store
D:5:      layout_basic
D:6:      layout_loops_ring, minmay_temple_entry_grid, bh_walls_and_bars,
          uniq_duvessa
D:7:      layout_loops_ring, chequers_temple_overflow_minitemple,
          nrook_loot_triangle, minmay_misc_feat_square, corexii_checkpoint_a,
          uniq_pikel, uniq_maggie
D:8:      layout_gridville, mainiacjoe_overflow_small_starburst,
          erik_lair_orcish_takeover, kennysheep_island_fort
D:9:      layout_roguey, jiyva_altar_1, uniq_gastronok, uniq_psyche,
          uniq_erolcha
Temple:   nicolae_temple_hex_pool

Skill      XL: |  1  2  3  4  5  6  7  8  9 10 11 |
---------------+----------------------------------+-----
Axes           | 3 4 5 7 9 11 13 14 | 14.0
Shields        | 4 |  4.0
Fighting       | 5 7 8 |  8.0
Armour         | 4 9 10 | 10.0
Invocations    | 9 |  9.5

Action                   |  1- 3 |  4- 6 |  7- 9 | 10-12 || total
-------------------------+-------+-------+-------+-------++-------
Melee: War axe           |    89 |   147 |   369 |   215 ||   820
       Unarmed           |       |       |       |    19 ||    19
Throw: Boomerang         |       |       |       |    21 ||    21
Invok: Heroism           |       |       |       |     9 ||     9
Evoke: Wand              |       |       |       |    24 ||    24
  Use: Potion            |       |     1 |       |     3 ||     4
       Scroll            |       |     1 |     4 |     2 ||     7
Armor: Scale mail        |    27 |       |       |       ||    27
       Gold dragon scale |    58 |   152 |   212 |   122 ||   544
Dodge: Dodged            |    30 |    15 |    32 |    27 ||   104
Block: Buckler           |    24 |    41 |   103 |   109 ||   277
       Reflection        |       |       |     5 |     7 ||    12
       Other             |       |       |       |     2 ||     2

Table legend: (Time is in decaauts)
 A = Elapsed time spent in this place.
 B = Non-inter-level travel time spent in this place.
 C = Inter-level travel time spent in this place.
 D = Time resting spent in this place.
 E = Time spent auto-exploring this place.
 F = Levels seen in this place.
 G = Mean time per level.
                   A        B        C        D        E       F      G
               +--------+--------+--------+--------+--------+-----+--------+
         Total |  11878 |  11039 |    839 |   1040 |   7543 |  13 |  913.7 |
       Dungeon |  10389 |   9563 |    826 |    497 |   7212 |   9 | 1154.3 |
        Temple |     68 |     55 |     13 |      0 |     38 |   1 |   68.0 |
         Abyss |   1060 |   1060 |      0 |    543 |      0 |   2 |  530.0 |
         Sewer |    360 |    360 |      0 |      0 |    293 |   1 |  360.0 |
               +--------+--------+--------+--------+--------+-----+--------+

Top non-repeatable levels by time:
     D:8: 2843 daAuts
     D:3: 1385 daAuts
     D:7: 1307 daAuts
     D:2: 1258 daAuts
 Abyss:1: 1060 daAuts
     D:6: 1009 daAuts
     D:5: 979 daAuts
     D:1: 786 daAuts
     D:4: 588 daAuts
   Sewer: 360 daAuts
     D:9: 229 daAuts
  Temple: 68 daAuts
